 Dungeon Crawl Stone Soup version 0.30-a0-313-gae38170b09 (webtiles) character file.

Game seed: 10677470038976108503

315260 greasedhog the Warrior (level 20, 0/178 HPs)
             Began as a Gnoll Fighter on Oct 25, 2022.
             Was a High Priest of Okawaru.
             Killed by their own static electricity (2 damage)
             ... on level 4 of the Vaults on Oct 26, 2022.
             The game lasted 01:24:30 (38441 turns).

greasedhog the Warrior (Gnoll Fighter)             Turns: 38441, Time: 01:24:31

Health: 0/178      AC: 34    Str: 23    XL:     20   Next: 96%
Magic:  38/38      EV: 17    Int: 10    God:    Okawaru [*****.]
Gold:   5123       SH:  0    Dex: 14    Spells: 41/48 levels left

rFire   + + .      SeeInvis +    I - +8 arc blade {discharge, rElec}
rCold   + . .      Faith    .    k - +0 buckler of the Stone Wall {Drain rF++ rC+ SInv}
rNeg    + . .      Spirit   .    W - +2 storm dragon scales {Bai Suzhen}
rPois   +          Reflect  .    L - +3 crown of Dyrovepreva {rElec Int+2 SInv}
rElec   +          Harm     .    J - +2 ratskin cloak {*Rats rPois rN+ Str-1 Int-1 Dex+1}
rCorr   +          Rampage  .    N - +3 pair of gauntlets of War {Slay+5}
Will    +....                    H - +2 pair of boots "Jofo" {Contam Regen+ rCorr Str+2}
Stlth   ..........               m - amulet of regeneration
HPRegen 2.89/turn                g - ring of see invisible
MPRegen 0.26/turn                B - ring of flight

@: confused, mighty, heroic, finesse-ful, ambrosia-drunk, marked, flying,
glowing, studying 3 skills, silenced
A: fangs 1, strong nose, distributed training, deformed body, regeneration 1
}: 3/15 runes: decaying, abyssal, gossamer
a: Renounce Religion


You were on level 4 of the Vaults.
You worshipped Okawaru.
Okawaru was extremely pleased with you.
You visited 7 branches of the dungeon, and saw 35 of its levels.
You visited the Abyss 1 time.
You also visited: Bailey, Gauntlet, Ice Cave and Volcano.

You collected 5535 gold pieces.
You spent 412 gold pieces at shops.

Inventory:

Hand Weapons
 I - the +8 arc blade (weapon) {discharge, rElec}
   (You took it off Nikola on level 3 of the Vaults)

   It occasionally unleashes powerful arcs of lightning upon striking a foe.
   These may arc to other adjacent creatures (including the wielder, but dealing
   reduced damage to them) before grounding out.
   rElec:     It insulates you from electricity.
Missiles
 Y - a throwing net
Armour
 k - the +0 buckler of the Stone Wall (worn) {Drain rF++ rC+ SInv}
   (You acquired it on level 9 of the Dungeon)

   rF:        It greatly protects you from fire.
   rC:        It protects you from cold.
   SInv:      It lets you see invisible.
   Drain:     It drains your maximum health when unequipped.
 H - the +2 pair of boots "Jofo" (worn) {Contam Regen+ rCorr Str+2}
   (Okawaru gifted it to you on level 9 of the Dungeon)

   Str:       It affects your strength (+2).
   Contam:    It causes magical contamination when unequipped.
   Regen:     It increases your rate of health regeneration.
   rCorr:     It protects you from acid and corrosion.
 J - the +2 ratskin cloak (worn) {*Rats rPois rN+ Str-1 Int-1 Dex+1}
   (You found it on level 1 of the Lair of Beasts)

   When the wearer is hurt, rats may emerge from it to assist them.
   Str:       It affects your strength (-1).
   Int:       It affects your intelligence (-1).
   Dex:       It affects your dexterity (+1).
   rPois:     It protects you from poison.
   rN:        It protects you from negative energy.
 L - the +3 crown of Dyrovepreva (worn) {rElec Int+2 SInv}
   (You found it on level 1 of the Lair of Beasts)

   Int:       It affects your intelligence (+2).
   rElec:     It insulates you from electricity.
   SInv:      It lets you see invisible.
 N - the +3 pair of gauntlets of War (worn) {Slay+5}
   (You found it on level 12 of the Dungeon)

   Slay:      It affects your accuracy & damage with ranged weapons and melee
   (+5).
 W - +2 storm dragon scales (worn) {Bai Suzhen}
Jewellery
 g - a ring of see invisible (left hand)
 m - an amulet of regeneration (around neck)
 v - the ring "Imocayq" {Fire Int+2}
   (You found it on level 12 of the Dungeon)

   [ring of fire]

   It enhances your fire magic.
   Int:       It affects your intelligence (+2).
   rF:        It protects you from fire.
   rC:        It makes you vulnerable to cold.
 w - a ring of positive energy
 B - a ring of flight (right hand)
 R - a ring of willpower
Wands
 q - a wand of mindburst (11)
 y - a wand of iceblast (25)
 D - a wand of flame (44)
 F - a wand of polymorph (18)
 K - a wand of digging (8)
 M - a wand of quicksilver (22)
Scrolls
 c - 2 scrolls of amnesia
 h - 10 scrolls of enchant weapon
 i - 11 scrolls of poison
 n - 6 scrolls of fear
 r - 4 scrolls of silence
 s - 9 scrolls of immolation
 u - 8 scrolls of teleportation
 A - 10 scrolls of enchant armour
 G - 3 scrolls of blinking
 P - 8 scrolls of identify
 U - 3 scrolls of magic mapping
Potions
 a - 7 potions of mutation
 b - 7 potions of curing
 d - 2 potions of might
 e - 11 potions of lignification
 f - 6 potions of haste
 j - 5 potions of flight
 l - 6 potions of brilliance
 p - 3 potions of resistance
 t - 6 potions of attraction
 x - 3 potions of heal wounds
 z - 6 potions of invisibility
 C - 2 potions of magic
 E - a potion of cancellation
 Q - 4 potions of ambrosia
Miscellaneous
 V - a condenser vane


   Skills:
 + Level 20.4(25.4) Fighting
 + Level 14.5(19.5) Short Blades
 + Level 14.5(19.5) Long Blades
 + Level 14.5(19.5) Axes
 + Level 14.5(19.5) Maces & Flails
 + Level 15.2(20.2) Polearms
 + Level 14.5(19.5) Staves
 + Level 14.5(19.5) Ranged Weapons
 + Level 14.5(19.5) Throwing
 + Level 20.0(25.0) Armour
 + Level 14.5(19.5) Dodging
 + Level 16.1(21.1) Stealth
 + Level 15.8(20.8) Shields
 + Level 14.5(19.5) Unarmed Combat
 + Level 14.5 Spellcasting
 + Level 12.3 Conjurations
 + Level 12.3 Hexes
 + Level 12.3 Summonings
 + Level 12.3 Necromancy
 + Level 12.3 Translocations
 + Level 12.3 Transmutations
 + Level 12.3 Fire Magic
 + Level 12.3 Ice Magic
 + Level 12.3 Air Magic
 + Level 12.3 Earth Magic
 + Level 12.3 Poison Magic
 + Level 15.8 Invocations
 + Level 14.5 Evocations


You had 41 spell levels left.
You knew the following spells:

 Your Spells              Type           Power      Damage    Failure   Level
a - Slow                  Hex            100%       N/A       1%          1
b - Vhi's Electric Charg  Tloc/Air       64%        N/A       1%          3
c - Dazzling Flash        Conj/Hex       64%        N/A       1%          3

Your spell library contained the following spells:

 Spells                   Type           Power      Damage    Failure   Level
 Apportation              Tloc           64%        N/A       1%          1
 Magic Dart               Conj           100%       1d8       1%          1
 Necrotise                Necr           100%       1d9       1%          1
 Shock                    Conj/Air       100%       1d9       1%          1
 Sting                    Tmut/Pois      100%       1d8       1%          1
 Cigotuvi's Dreadful Rot  Necr/Pois/Air  64%        N/A       1%          2
 Poisonous Vapours        Pois/Air       64%        N/A       1%          2
 Scorch                   Fire           64%        2d8       1%          2
 Searing Ray              Conj           64%        2d6       1%          2
 Confusing Touch          Hex            32%        N/A       1%          3
 Hailstorm                Conj/Ice       32%        3d8       1%          3
 Ignite Poison            Fire/Tmut/Pois 32%        N/A       1%          3
 Kindle Blastsparks       Fire/Tloc/Air  64%        2d15      1%          3
 Mephitic Cloud           Conj/Pois/Air  32%        N/A       1%          3
 Portal Projectile        Hex/Tloc       64%        N/A       1%          3
 Vampiric Draining        Necr           32%        2d8       1%          3
 Dispel Undead            Necr           32%        3d14      1%          4
 Flame Wave               Conj/Fire      32%        2d9       1%          4
 Fulminant Prism          Conj/Hex       16%        3d11      1%          4
 Iskenderun's Mystic Bla  Conj/Tloc      32%        2d8       1%          4
 Olgreb's Toxic Radiance  Pois           32%        N/A       1%          4
 Agony                    Necr           32%        N/A       4%          5
 Alistair's Intoxication  Tmut/Pois      21%        N/A       4%          5
 Arcjolt                  Conj/Air       16%        1d26      4%          5
 Blade Hands              Tmut           16%        N/A       4%          5
 Fireball                 Conj/Fire      16%        3d8       4%          5
 Freezing Cloud           Conj/Ice/Air   16%        6-21      4%          5
 Irradiate                Conj/Tmut      16%        3d17      4%          5
 Lee's Rapid Deconstruct  Erth           16%        3d10*     4%          5
 Silence                  Hex/Air        16%        N/A       4%          5
 Dragon Form              Tmut           16%        N/A       78%         7
 Enfeeble                 Hex            16%        N/A       78%         7
 Orb of Destruction       Conj           16%        9d7       78%         7
 Ignition                 Fire           16%        3d6       100%        8
 Lehudib's Crystal Spear  Conj/Erth      16%        10d5      100%        8
 Maxwell's Capacitive Co  Air            16%        ∞         100%        8
 Summon Small Mammal      Summ           Unusable   N/A       N/A         1
 Summon Guardian Golem    Hex/Summ       Unusable   N/A       N/A         3
 Tukima's Dance           Hex            Unusable   N/A       N/A         3
 Summon Ice Beast         Ice/Summ       Unusable   N/A       N/A         4
 Death Channel            Necr           Unusable   N/A       N/A         6
 Summon Cactus Giant      Summ           Unusable   N/A       N/A         6
 Spellforged Servitor     Conj/Summ      Unusable   N/A       N/A         7

Dungeon Overview and Level Annotations

Branches:
Dungeon (15/15)            Temple (1/1) D:4            Lair (5/5) D:9
  Swamp (4/4) Lair:3       Spider (4/4) Lair:2        Slime (0/5) Lair:4
    Orc (2/2) D:11            Elf (0/3) Orc:2        Vaults (4/5) D:13
  Crypt (0/3) Vaults:3     Depths (0/4) D:15         Bailey (visited)
  IceCv (visited)         Volcano (visited)         Gauntlet (visited)

Altars:
Ashenzari
Cheibriados
Dithmenos
Elyvilon
Fedhas
Gozag
Hepliaklqana
Kikubaaqudgha
Makhleb
Nemelex Xobeh
Okawaru
Qazlal
Ru
Sif Muna
Trog
Uskayaw
Vehumet
Wu Jian
Xom
Yredelemnul
Zin
The Shining One
Jiyva
Lugonu

Shops:
D:15 :   Orc:2 *?=[   Vaults:1 *   Vaults:2 =   Vaults:3 (

Portals:
Abyss: Lair:5

Annotations:
D:8 Maggie
D:10 exclusions: ice statue and orange crystal statue
D:11 3 runed translucent doors, glaedl's ghost, journeyman OpCj
Lair:1 1 runed translucent door, Cancer's ghost, journeyman GrEE
Swamp:3 Ziutun's ghost, adept GnGl
Vaults:4 Mennas
Abyss:1 Joseph


Innate Abilities, Weirdness & Mutations

You have very sharp teeth.
Your uncanny sense of smell can sniff out nearby items.
Your experience applies equally to all skills.
Armour fits poorly on your strangely shaped body.
Your natural rate of healing is unusually fast.


Message History

You completely miss Mennas. Your bite misses Mennas.
Mennas is moderately wounded.
The vault warden hits you from afar with a +2 bardiche.
* * * LOW HITPOINT WARNING * * *
Mennas hits you with a +3 sacred scourge of holy wrath!
* * * LOW HITPOINT WARNING * * *
Mennas barely misses you.
You are confused.
You feel invigorated.
Mennas hits you with a +3 sacred scourge of holy wrath.
* * * LOW HITPOINT WARNING * * *
Mennas hits you but does no damage.
The vault warden hits you but does no damage.
Mennas blocks your attack.
You bite Mennas.
Mennas is moderately wounded.
Mennas hits you with a +3 sacred scourge of holy wrath!
* * * LOW HITPOINT WARNING * * *
Mennas hits you but does no damage. Mennas closely misses you.
Mennas hits you with a +3 sacred scourge of holy wrath!
* * * LOW HITPOINT WARNING * * *
The vault warden hits you with a +2 bardiche.
* * * LOW HITPOINT WARNING * * *
You puncture the vault warden!
The arc blade crackles.
Mennas is struck by an arc of lightning!
Mennas resists.
Mennas is moderately wounded.
You resist.
You are struck by an arc of lightning.
* * * LOW HITPOINT WARNING * * *
Mennas is struck by an arc of lightning.
Mennas resists.
Mennas is moderately wounded.
You resist.
You are struck by an arc of lightning.
* * * LOW HITPOINT WARNING * * *
The vault warden is struck by an arc of lightning!
The vault warden is heavily wounded.
The lightning grounds out.
The vault warden is struck by an arc of lightning!
The vault warden is severely wounded.
You resist.
You are struck by an arc of lightning.
You die...

##########################
.......)A...[.............
........)@.)..............
########p...##############
#....# #....# #....#
#....# .+....# ..#....# ∆
....#....#


You could see Mennas (silencing) and a vault warden.

Vanquished Creatures
  Bai Suzhen (Swamp:4)
  A profane servitor (Abyss:4)
  Nikola (Vaults:3)
  Arachne (Spider:2)
  2 Ice Fiends (IceCv)
  Mlioglotl (Arena)
  Asterion (Spider:1)
  2 tentacled starspawn (Abyss:4)
  An acid blob (Spider:4)
  A tengu reaver (Vaults:4)
  A fenstrider witch (Swamp:4)
  Aizul (Vaults:4)
  An emperor scorpion (Spider:3)
  A ghost moth (Spider:3)
  A quicksilver ooze (shapeshifter) (Vaults:3)
  2 broodmothers
  16 ironbound preservers
  8 vault wardens
  3 very ugly things
  7 ironbound thunderhulks
  7 eleionomae
  A minotaur (Abyss:4)
  The ghost of Taurus the Cleaver, a journeyman MiFi of the Shining One (D:12)
  4 spark wasps
  4 dire elephants
  The ghost of Takou the Cleaver, a journeyman AtFi of Makhleb (Lair:2)
  A bunyip (Swamp:4)
  An ettin (Orc:1)
  3 entropy weavers (shapeshifter)
  3 shambling mangroves
  7 yaktaur captains
  11 entropy weavers
  12 great orbs of eyes
  An ice dragon (Swamp:1)
  A ghost crab (Swamp:3)
  20 hydras
  4 vault guards
  Erica (D:9)
  7 centaur warriors
  A spriggan air mage (Swamp:4)
  8 ironbound frosthearts
  7 radroaches
  A dancing weapon (Swamp:3)
  14 boulder beetles
  2 two-headed ogres
  5 death yaks
  3 tengu warriors
  8 alligators
  6 thrashing horrors
  Sonja (Lair:5)
  A wretched star (Abyss:4)
  An iron troll (D:13)
  7 pharaoh ants
  A sun moth (Spider:2)
  5 skeletal warriors
  10 steelbarb worms
  3 goliath frogs
  3 spriggan druids (Swamp:3)
  A shadow demon (Abyss:4)
  49 deep trolls
  5 wizards
  2 obsidian statues (IceCv)
  3 orb spiders
  7 bog bodies
  11 ironbound convokers
  6 lindwurms
  An orange crystal statue (Arena)
  A phantasmal warrior (Vaults:3)
  8 swamp dragons (Swamp:4)
  Pikel (D:9)
  3 necromancers
  7 orc knights
  19 ugly things
  3 deep elf pyromancers (D:15)
  A stone giant zombie (Vaults:3)
  An orc sorcerer (D:15)
  An oklob plant (Spider:4)
  15 wolf spiders
  3 cyclopes
  6 manticores
  A moth of wrath (shapeshifter) (Vaults:3)
  A moth of wrath (Spider:4)
  19 elephants
  19 vault sentinels
  3 smoke demons
  An ice statue (Swamp:1)
  3 black mambas
  3 minotaur zombies (Gauntlet)
  8 torpor snails
  An unseen horror (D:12)
  5 rime drakes
  9 cane toads
  10 demonic crawlers
  10 komodo dragons
  28 yaktaurs
  An anaconda simulacrum (IceCv)
  An efreet (Abyss:4)
  2 komodo dragons (shapeshifter)
  4 freezing wraiths (IceCv)
  A tengu conjurer (D:15)
  An ice devil (D:12)
  3 kobold demonologists
  4 golden dragon simulacra (IceCv)
  4 ancient zymes
  6 trolls
  11 hornets
  6 meliai
  4 polar bears
  8 tyrant leeches
  20 tarantellas
  Prince Ribbit (D:8)
  26 blink frogs
  Grinder (D:6)
  24 slime creatures
  9 dream sheep
  2 raiju (Abyss:4)
  2 spectral black mambas (Lair:2)
  5 centaur simulacra (D:12)
  30 jumping spiders
  2 large abominations
  2 shadows
  11 spriggans
  A vampire (D:12)
  A water elemental (D:14)
  3 wraiths
  20 culicivoras
  10 starcursed masses (Abyss:4)
  3 wyverns
  A dire elephant simulacrum (IceCv)
  46 yaks
  Eustachio (D:5)
  Grum (D:9)
  4 basilisks
  23 vampire mosquitoes
  42 redbacks
  4 chaos spawn
  2 neqoxecs (Abyss:4)
  2 wargs (Orc:2)
  18 swamp worms
  8 acid dragons
  5 hydra simulacra
  A spectral cane toad (Lair:2)
  Menkaure (D:6)
  A swamp worm (shapeshifter) (D:14)
  A harpy simulacrum (IceCv)
  A glowing shapeshifter skeleton (Vaults:3)
  20 water moccasins
  39 orc warriors
  2 ice beasts
  6 swamp drakes
  2 hornet zombies (D:7)
  A meliai simulacrum (D:12)
  A human zombie (Vaults:3)
  3 sky beasts
  3 black bears
  A boulder beetle simulacrum (Lair:2)
  A tengu (shapeshifter) (D:13)
  4 ettin simulacra (IceCv)
  17 wolves
  6 boggarts
  3 ogres
  17 centaurs
  2 lemures (D:9)
  12 small abominations
  5 kobold brigands
  A gnoll sergeant (D:6)
  2 scorpions
  8 bullfrogs
  2 deep troll simulacra (IceCv)
  2 necrophages
  4 wights (D:7)
  3 troll zombies (Swamp:2)
  13 killer bees
  7 electric eels
  7 howler monkeys
  2 troll skeletons (Swamp:2)
  A centaur zombie (D:7)
  A quasit (Abyss:4)
  2 hounds
  2 jellies
  14 orc priests
  A gnoll bouda (D:10)
  An iguana (D:6)
  10 orc wizards
  A boggart simulacrum (D:12)
  5 adders
  8 gnolls
  A white imp (D:6)
  An ufetubus (D:6)
  2 worms
  4 dart slugs
  88 orcs
  6 ball pythons
  6 endoplasms
  4 giant cockroaches
  8 hobgoblins
  2 jackals (D:3)
  6 quokkas
  6 bats
  2 frilled lizards (D:1)
  9 goblins
  17 kobolds
  6 rats
  2 lurking horrors (Abyss:4)
  A starspawn tentacle (Abyss:4)
1309 creatures vanquished.

Vanquished Creatures (others)
  An ironbound convoker (Vaults:3)
  2 bloated husks (Swamp:1)
  A raiju (Abyss:4)
  A swamp worm (Swamp:1)
  A human (D:6)
  2 orc wizards (D:11)
  An orc (Orc:2)
  76 fungi
  102 plants
  3 starspawn tentacles (Abyss:4)
  A withered plant (D:7)
191 creatures vanquished.

Grand Total: 1500 creatures vanquished

Notes
Turn   | Place    | Note
-------+----------+-------------------------------------------
     0 | D:1      | greasedhog the Gnoll Fighter began the quest for the Orb.
     0 | D:1      | Reached XP level 1. HP: 23/23 MP: 1/1
   122 | D:1      | Reached XP level 2. HP: 13/29 MP: 2/2
   403 | D:1      | Reached XP level 3. HP: 35/35 MP: 3/3
   699 | D:2      | Reached skill level 1 in Invocations
   715 | D:2      | Reached skill level 1 in Short Blades
   715 | D:2      | Reached skill level 1 in Long Blades
   715 | D:2      | Reached skill level 1 in Axes
   715 | D:2      | Reached skill level 1 in Maces & Flails
   715 | D:2      | Reached skill level 1 in Staves
   715 | D:2      | Reached skill level 1 in Ranged Weapons
   715 | D:2      | Reached skill level 1 in Throwing
   715 | D:2      | Reached skill level 1 in Dodging
   715 | D:2      | Reached skill level 1 in Stealth
   715 | D:2      | Reached skill level 1 in Unarmed Combat
   715 | D:2      | Reached skill level 1 in Spellcasting
   715 | D:2      | Reached skill level 1 in Evocations
   819 | D:2      | Reached XP level 4. HP: 41/41 MP: 5/5
  1438 | D:3      | Reached skill level 1 in Conjurations
  1438 | D:3      | Reached skill level 1 in Hexes
  1438 | D:3      | Reached skill level 1 in Summonings
  1438 | D:3      | Reached skill level 1 in Necromancy
  1438 | D:3      | Reached skill level 1 in Translocations
  1438 | D:3      | Reached skill level 1 in Transmutations
  1438 | D:3      | Reached skill level 1 in Fire Magic
  1438 | D:3      | Reached skill level 1 in Ice Magic
  1438 | D:3      | Reached skill level 1 in Air Magic
  1438 | D:3      | Reached skill level 1 in Earth Magic
  1438 | D:3      | Reached skill level 1 in Poison Magic
  1540 | D:3      | Noticed a black bear
  1549 | D:3      | Killed a black bear
  1550 | D:3      | Reached XP level 5. HP: 47/47 MP: 5/7
  1960 | D:4      | Reached skill level 5 in Polearms
  1960 | D:4      | Reached XP level 6. HP: 40/53 MP: 7/9
  2093 | D:4      | Found an opulent altar of Gozag.
  2105 | D:4      | Found a staircase to the Ecumenical Temple.
  2114 | Temple   | Entered the Ecumenical Temple
  2131 | Temple   | Became a worshipper of Warmaster Okawaru
  2575 | D:5      | Entered Level 5 of the Dungeon
  2612 | D:5      | Reached XP level 7. HP: 60/60 MP: 10/10
  2748 | D:5      | Noticed Eustachio
  2812 | D:5      | Killed Eustachio
  2812 | D:5      | Reached * piety under Okawaru
  3087 | D:5      | Reached XP level 8. HP: 67/67 MP: 12/12
  3196 | D:5      | Found a shimmering altar of Xom.
  3591 | D:6      | Noticed Menkaure
  3596 | D:6      | Killed Menkaure
  3596 | D:6      | Reached ** piety under Okawaru
  3934 | D:6      | Found an ancient bone altar of Kikubaaqudgha.
  4106 | D:6      | Noticed Grinder
  4114 | D:6      | Paralysed by Grinder for 4 turns
  4122 | D:6      | Paralysed by Grinder for 5 turns
  4129 | D:6      | Killed Grinder
  4240 | D:6      | Reached XP level 9. HP: 70/73 MP: 14/14
  4465 | D:7      | You fall into a shaft and drop 1 floor!
  4587 | D:7      | Reached *** piety under Okawaru
  4946 | D:7      | Reached skill level 5 in Invocations
  5444 | D:7      | Found an ornate altar of the Wu Jian Council.
  5490 | D:7      | Identified the +0 leather armour "Ekafe" {rElec rC- Str+4}
  5766 | D:8      | Found a bloodstained altar of Trog.
  5770 | D:8      | Noticed Maggie
  5784 | D:8      | Noticed Joseph
  5790 | D:8      | Reached **** piety under Okawaru
  5798 | D:8      | Banished Joseph
  5799 | D:8      | Reached skill level 5 in Short Blades
  5799 | D:8      | Reached skill level 5 in Long Blades
  5799 | D:8      | Reached skill level 5 in Axes
  5799 | D:8      | Reached skill level 5 in Maces & Flails
  5799 | D:8      | Reached skill level 5 in Staves
  5799 | D:8      | Reached skill level 5 in Ranged Weapons
  5799 | D:8      | Reached skill level 5 in Throwing
  5799 | D:8      | Reached skill level 5 in Dodging
  5799 | D:8      | Reached skill level 5 in Stealth
  5799 | D:8      | Reached skill level 5 in Unarmed Combat
  5799 | D:8      | Reached skill level 5 in Spellcasting
  5799 | D:8      | Reached skill level 5 in Evocations
  5799 | D:8      | Reached XP level 10. HP: 36/82 MP: 17/17
  5876 | D:8      | Found a shimmering blue altar of Sif Muna.
  6009 | D:8      | Noticed Prince Ribbit
  6026 | D:8      | Killed Prince Ribbit
  6151 | D:8      | Noticed a manticore
  6155 | D:8      | Banished a manticore
  6214 | D:8      | Found a stormy altar of Qazlal.
  6478 | D:8      | Found a glowing golden altar of the Shining One.
  6619 | D:9      | Found a flagged portal.
  6642 | Bailey   | Entered a bailey
  6945 | Bailey   | Noticed an orc knight
  6950 | Bailey   | Killed an orc knight
  6960 | Bailey   | Reached ***** piety under Okawaru
  7022 | D:9      | Acquired the +0 buckler of the Stone Wall {Drain rF++ rC+
                  | SInv}
  7039 | D:9      | Reached skill level 5 in Conjurations
  7039 | D:9      | Reached skill level 5 in Hexes
  7039 | D:9      | Reached skill level 5 in Summonings
  7039 | D:9      | Reached skill level 5 in Necromancy
  7039 | D:9      | Reached skill level 5 in Translocations
  7039 | D:9      | Reached skill level 5 in Transmutations
  7039 | D:9      | Reached skill level 5 in Fire Magic
  7039 | D:9      | Reached skill level 5 in Ice Magic
  7039 | D:9      | Reached skill level 5 in Air Magic
  7039 | D:9      | Reached skill level 5 in Earth Magic
  7039 | D:9      | Reached skill level 5 in Poison Magic
  7045 | D:9      | Reached XP level 11. HP: 49/90 MP: 20/20
  7083 | D:9      | Noticed Pikel
  7101 | D:9      | Killed Pikel
  7147 | D:9      | Reached skill level 10 in Fighting
  7176 | D:9      | Paralysed by a hornet for 2 turns
  7256 | D:9      | Found a staircase to the Lair.
  7382 | D:9      | Noticed Grum
  7716 | D:9      | Noticed Erica
  7746 | D:9      | Killed Erica
  7746 | D:9      | Identified the +2 pair of boots "Jofo" {Contam Regen+ rCorr
                  | Str+2} (Okawaru gifted it to you on level 9 of the Dungeon)
  7746 | D:9      | Received a gift from Okawaru
  8057 | D:10     | Entered Level 10 of the Dungeon
  8478 | D:10     | Found a shadowy altar of Dithmenos.
  8478 | D:10     | Found a blossoming altar of Fedhas.
  8700 | D:10     | Noticed an orange crystal statue
  8797 | D:10     | Reached skill level 10 in Armour
  9019 | D:11     | Found a gate leading to a gauntlet.
  9055 | Gauntlet | Entered a Gauntlet
  9055 | Gauntlet | Found a transporter.
  9067 | Gauntlet | Found a transporter.
  9070 | Gauntlet | Found a transporter.
  9071 | Gauntlet | Found a transporter.
  9076 | Gauntlet | Noticed a necromancer
  9079 | Gauntlet | Found a transporter.
  9082 | Gauntlet | Found a transporter.
  9083 | Gauntlet | Found a transporter.
  9095 | Gauntlet | Found a transporter.
  9096 | Gauntlet | Found a transporter.
  9096 | Gauntlet | Found a transporter.
  9098 | Gauntlet | Noticed a reaper
  9100 | Gauntlet | Found a runed translucent door.
  9102 | Gauntlet | Found a runed translucent door.
  9104 | Gauntlet | Found a transporter.
  9107 | Gauntlet | Found a transporter.
  9108 | Gauntlet | Found a transporter.
  9110 | Gauntlet | Noticed a purple ugly thing
  9110 | Gauntlet | Noticed a glowing orange brain
  9114 | Gauntlet | Noticed a green ugly thing
  9119 | Gauntlet | Found a transporter.
  9388 | Gauntlet | Killed a necromancer
  9389 | Gauntlet | Reached XP level 12. HP: 87/100 MP: 22/22
  9474 | Gauntlet | Noticed a minotaur
  9487 | Gauntlet | Banished a minotaur
  9527 | Gauntlet | Got the Vellum of the Iceberg and Metal
  9617 | D:11     | Reached skill level 10 in Shields
  9693 | D:11     | Found a staircase to the Orcish Mines.
  9742 | D:11     | Noticed a two-headed ogre
  9753 | D:11     | Killed a two-headed ogre
  9915 | D:11     | Found a runed translucent gate.
  9915 | D:11     | Found a runed translucent gate.
  9917 | D:11     | Found a runed translucent gate.
  9920 | D:11     | Noticed glaedl's ghost (journeyman OpCj)
 10006 | D:11     | Received a gift from Okawaru
 10080 | D:11     | Noticed a sun demon
 10175 | D:11     | Got the Verses on Striking and Hexes
 10641 | D:9      | Killed Grum
 10665 | Lair:1   | Entered Level 1 of the Lair of Beasts
 10705 | Lair:1   | Found the +2 ratskin cloak {*Rats rPois rN+ Str-1 Int-1
                  | Dex+1}
 10867 | Lair:1   | Found a runed translucent door.
 10867 | Lair:1   | Found a shimmering altar of Xom.
 10867 | Lair:1   | Noticed Cancer's ghost (journeyman GrEE)
 10878 | Lair:1   | Noticed a death yak
 10889 | Lair:1   | Reached ****** piety under Okawaru
 10897 | Lair:1   | Received a gift from Okawaru
 10939 | Lair:1   | Noticed a death yak
 10940 | Lair:1   | Noticed a death yak
 10942 | Lair:1   | Noticed a boulder beetle
 10965 | Lair:1   | Killed a death yak
 10965 | Lair:1   | Noticed a death yak
 10970 | Lair:1   | Killed a death yak
 10989 | Lair:1   | Killed a death yak
 11001 | Lair:1   | Killed a death yak
 11002 | Lair:1   | Reached XP level 13. HP: 78/108 MP: 19/25
 11165 | Lair:1   | Found a dark tunnel.
 11170 | Volcano  | Entered a volcano
 11638 | Lair:1   | Identified the +2 robe "Litedgh" {Drain rF+ Regen+}
                  | (Okawaru gifted it to you on level 1 of the Lair of Beasts)
 11638 | Lair:1   | Received a gift from Okawaru
 12006 | Arena    | Entered the Arena
 12149 | Lair:1   | Found the +3 crown of Dyrovepreva {rElec Int+2 SInv}
 12155 | Lair:1   | Got the Secrets of the Spellbinding Volcanoes
 12159 | Lair:1   | Identified the +11 quarterstaff "Lourorph" {speed, *Slow
                  | Dex+6}
 12504 | Lair:2   | Found a runed translucent gate.
 12556 | Lair:2   | Found a runed translucent gate.
 12557 | Lair:2   | Found a runed translucent gate.
 12559 | Lair:2   | Noticed Takou's ghost (journeyman AtFi)
 12568 | Lair:2   | Found a hole to the Spider Nest.
 12741 | Lair:2   | Reached skill level 10 in Polearms
 13009 | Lair:2   | Identified the +6 trident of Vassatow {flame, Int+4}
 13354 | Lair:3   | Found a staircase to the Swamp.
 13456 | Lair:3   | Received a gift from Okawaru
 13630 | Lair:3   | Received a gift from Okawaru
 14029 | Lair:3   | Learned a level 1 spell: Slow
 14089 | Lair:4   | Reached XP level 14. HP: 105/118 MP: 21/27
 14097 | Lair:4   | Reached skill level 10 in Invocations
 14361 | Lair:4   | Received a gift from Okawaru
 14562 | Lair:4   | Found a staircase to the Slime Pits.
 14563 | Lair:4   | Found a viscous altar of Jiyva.
 14622 | Lair:4   | Found a radiant altar of Vehumet.
 15186 | Lair:2   | Killed Takou's ghost
 15346 | Lair:5   | Entered Level 5 of the Lair of Beasts
 15407 | Lair:4   | Received a gift from Okawaru
 15793 | Lair:5   | Noticed Sonja
 15798 | Lair:5   | Killed Sonja
 15966 | Lair:5   | Identified the +5 longbow of Slow Death {drain, Will++
                  | Int+3} (Okawaru gifted it to you on level 5 of the Lair of
                  | Beasts)
 15966 | Lair:5   | Received a gift from Okawaru
 16594 | Lair:5   | Reached skill level 10 in Short Blades
 16594 | Lair:5   | Reached skill level 10 in Long Blades
 16594 | Lair:5   | Reached skill level 10 in Axes
 16594 | Lair:5   | Reached skill level 10 in Maces & Flails
 16594 | Lair:5   | Reached skill level 10 in Staves
 16594 | Lair:5   | Reached skill level 10 in Ranged Weapons
 16594 | Lair:5   | Reached skill level 10 in Throwing
 16594 | Lair:5   | Reached skill level 10 in Dodging
 16594 | Lair:5   | Reached skill level 10 in Stealth
 16594 | Lair:5   | Reached skill level 10 in Unarmed Combat
 16594 | Lair:5   | Reached skill level 10 in Spellcasting
 16594 | Lair:5   | Reached skill level 10 in Evocations
 16647 | Lair:5   | Identified the +0 scale mail of Ecseibb {Harm Rampage rPois
                  | MP+9}
 17196 | Lair:5   | Reached XP level 15. HP: 102/127 MP: 29/29
 17285 | Lair:5   | Identified the +1 robe of Ilucuv {*Slow rF++ Str+2}
                  | (Okawaru gifted it to you on level 5 of the Lair of Beasts)
 17285 | Lair:5   | Received a gift from Okawaru
 17437 | Lair:5   | Found a corrupted altar of Lugonu.
 17437 | Lair:5   | Found a one-way gate to the infinite horrors of the Abyss.
 17748 | Orc:1    | Entered Level 1 of the Orcish Mines
 18042 | Orc:2    | Entered Level 2 of the Orcish Mines
 18153 | Orc:2    | Found Bodonong's Magic Scroll Shop.
 18153 | Orc:2    | Found Kikhua's Jewellery Shoppe.
 18155 | Orc:2    | Found Coum's Antique Armour Emporium.
 18157 | Orc:2    | Found Ikeleng's Assorted Antiques.
 18253 | Orc:2    | Found a staircase to the Elven Halls.
 18371 | Orc:2    | Reached skill level 15 in Fighting
 19233 | D:12     | Noticed Taurus's ghost (journeyman MiFi)
 19244 | D:12     | Found a runed translucent gate.
 19244 | D:12     | Found a runed translucent gate.
 19244 | D:12     | Found a runed translucent gate.
 19966 | D:12     | Found the +3 pair of gauntlets of War {Slay+5}
 20017 | D:12     | Killed Taurus's ghost
 20023 | D:12     | Received a gift from Okawaru
 20204 | D:12     | Got the ring "Imocayq" {Fire Int+2}
 20482 | D:13     | Learned a level 3 spell: Vhi's Electric Charge
 20863 | D:13     | Found a gate to the Vaults.
 21667 | D:15     | Entered Level 15 of the Dungeon
 21684 | D:15     | Reached skill level 15 in Armour
 21782 | D:15     | Reached XP level 16. HP: 100/136 MP: 12/30
 22509 | D:15     | Identified the +12 quarterstaff of the Hierophant {flame,
                  | rElec} (Okawaru gifted it to you on level 15 of the
                  | Dungeon)
 22509 | D:15     | Received a gift from Okawaru
 22627 | D:15     | Found a hide-covered altar of Uskayaw.
 22718 | D:15     | Found Bilyr's Self-Improvement Boutique.
 22748 | D:15     | Found a staircase to the Depths.
 23166 | Swamp:1  | Entered Level 1 of the Swamp
 23325 | Swamp:1  | Found a frozen archway.
 23393 | IceCv    | Entered an ice cave
 23915 | IceCv    | Noticed an Ice Fiend
 23915 | IceCv    | Noticed an Ice Fiend
 23923 | IceCv    | Killed an Ice Fiend
 23923 | IceCv    | Received a gift from Okawaru
 23927 | IceCv    | HP: 1/138 [Ice Fiend (22)]
 23932 | IceCv    | Killed an Ice Fiend
 24813 | Swamp:2  | Identified the +3 steam dragon scales "Axuavvoq" {Rampage
                  | *Slow Fly Slay+6}
 25348 | Swamp:3  | Received a gift from Okawaru
 25579 | Swamp:3  | Got Sif Muna's Incunabulum of the Lungs and Companions
 25649 | Swamp:3  | Found a runed translucent door.
 25650 | Swamp:3  | Found a shimmering altar of Xom.
 25650 | Swamp:3  | Noticed Ziutun's ghost (adept GnGl)
 25688 | Swamp:3  | Received a gift from Okawaru
 25705 | Swamp:3  | Reached XP level 17. HP: 143/146 MP: 32/32
 25713 | Swamp:3  | Noticed Mlioglotl
 25736 | Arena    | Entered the Arena
 25743 | Arena    | Killed Mlioglotl
 26718 | Swamp:4  | Entered Level 4 of the Swamp
 26738 | Swamp:4  | Received a gift from Okawaru
 26743 | Swamp:4  | Reached skill level 10 in Conjurations
 26743 | Swamp:4  | Reached skill level 10 in Hexes
 26743 | Swamp:4  | Reached skill level 10 in Summonings
 26743 | Swamp:4  | Reached skill level 10 in Necromancy
 26743 | Swamp:4  | Reached skill level 10 in Translocations
 26743 | Swamp:4  | Reached skill level 10 in Transmutations
 26743 | Swamp:4  | Reached skill level 10 in Fire Magic
 26743 | Swamp:4  | Reached skill level 10 in Ice Magic
 26743 | Swamp:4  | Reached skill level 10 in Air Magic
 26743 | Swamp:4  | Reached skill level 10 in Earth Magic
 26743 | Swamp:4  | Reached skill level 10 in Poison Magic
 26758 | Swamp:4  | Noticed Bai Suzhen
 26811 | Swamp:4  | Killed Bai Suzhen
 27074 | Swamp:4  | Received a gift from Okawaru
 27102 | Swamp:4  | Got a decaying rune of Zot
 27171 | Swamp:4  | Paralysed by a fenstrider witch for 3 turns
 27274 | Swamp:4  | Received a gift from Okawaru
 27610 | Spider:1 | Entered Level 1 of the Spider Nest
 27647 | Spider:1 | Received a gift from Okawaru
 27857 | Spider:1 | Noticed Asterion
 27880 | Spider:1 | Killed Asterion
 28448 | Spider:1 | Received a gift from Okawaru
 28565 | Spider:2 | Noticed Arachne
 28586 | Spider:2 | Killed Arachne
 28626 | Spider:2 | Reached XP level 18. HP: 155/156 MP: 34/34
 30421 | Spider:4 | Entered Level 4 of the Spider Nest
 30619 | Spider:4 | Received a gift from Okawaru
 30647 | Arena    | Entered the Arena
 31252 | Spider:3 | Acquired 680 gold pieces
 31760 | Spider:4 | Acquired 726 gold pieces
 31936 | Spider:4 | Got a gossamer rune of Zot
 32708 | Vaults:1 | Entered Level 1 of the Vaults
 32854 | Vaults:1 | Paralysed by a great orb of eyes for 2 turns
 33292 | Vaults:1 | Reached XP level 19. HP: 138/165 MP: 30/36
 33307 | Vaults:1 | Received a gift from Okawaru
 33408 | Vaults:1 | Found Purghaps's General Store.
 33417 | Vaults:1 | Bought a scroll of identify for 42 gold pieces
 33500 | Vaults:1 | Received a gift from Okawaru
 34218 | Vaults:1 | Learned a level 3 spell: Dazzling Flash
 34372 | Vaults:2 | Received a gift from Okawaru
 34428 | Vaults:2 | Found Wiozut's Jewellery Boutique.
 34830 | Vaults:2 | Reached skill level 15 in Shields
 35502 | Vaults:2 | Identified the +1 tower shield "Sewy" {rPois Int-4 Dex+4
                  | Stlth+} (Okawaru gifted it to you on level 2 of the Vaults)
 35502 | Vaults:2 | Received a gift from Okawaru
 35510 | Vaults:2 | Reached skill level 15 in Invocations
 35818 | Vaults:2 | Identified the +7 flail of True Grit {freeze, Str+4 Stlth+}
 36135 | Vaults:3 | Reached XP level 20. HP: 58/174 MP: 32/37
 36145 | Vaults:3 | Reached skill level 15 in Stealth
 36427 | Vaults:3 | Found Ajau's Antique Weapon Shoppe.
 36434 | Vaults:3 | Bought an encrusted arbalest for 370 gold pieces
 36434 | Vaults:3 | Identified the +10 arbalest of Eternal War {speed, rPois
                  | Int+2 Dex+6} (You bought it in a shop on level 3 of the
                  | Vaults)
 36472 | Vaults:3 | Noticed Nikola
 36531 | Vaults:3 | Killed Nikola
 36897 | Abyss:4  | Cast into level 4 of the Abyss (vault warden)
 36923 | Abyss:4  | Gained mutation: You do not regenerate when monsters are
                  | visible. [a neqoxec]
 36958 | Abyss:4  | Upgraded the game from 0.30-a0-311-gf115ab0292 to
                  | 0.30-a0-313-gae38170b09
 36987 | Abyss:4  | Noticed a profane servitor
 37019 | Abyss:4  | Killed a profane servitor
 37046 | Abyss:4  | Found a hazy altar of Hepliaklqana.
 37061 | Abyss:4  | Lost mutation: You do not regenerate when monsters are
                  | visible. [potion of mutation]
 37061 | Abyss:4  | Gained mutation: Armour fits poorly on your strangely
                  | shaped body. [potion of mutation]
 37061 | Abyss:4  | Gained mutation: Your natural rate of healing is unusually
                  | fast. [potion of mutation]
 37088 | Abyss:4  | Received a gift from Okawaru
 37167 | Abyss:4  | Got an abyssal rune of Zot
 37180 | Vaults:3 | Escaped the Abyss
 37203 | Vaults:3 | Received a gift from Okawaru
 37285 | Vaults:3 | Found the +3 warlock's mirror {reflect}
 37397 | Vaults:3 | Reached skill level 15 in Polearms
 37476 | Vaults:3 | Identified the +2 hat "Canisur" {Will+} (Okawaru gifted it
                  | to you on level 3 of the Vaults)
 37476 | Vaults:3 | Received a gift from Okawaru
 37567 | Vaults:3 | Found a staircase to the Crypt.
 37567 | Vaults:3 | Found a basalt altar of Yredelemnul.
 37567 | Vaults:3 | Found an ancient bone altar of Kikubaaqudgha.
 38130 | Vaults:4 | Noticed Aizul
 38146 | Vaults:4 | Killed Aizul
 38392 | Vaults:4 | Noticed Mennas
 38441 | Vaults:4 | HP: 6/178 [/static electricity (4)]
 38441 | Vaults:4 | HP: 2/178 [/static electricity (4)]
 38441 | Vaults:4 | Killed from afar by themself

Illustrated notes

Levels and vault maps discovered:
D:1:      eino_arrival_water_cross, layout_rooms, minmay_misc_feat_iff,
          minmay_tetromino_l4
D:2:      layout_basic, nrook_campfire, minmay_curled_crystal, st_stairs_1,
          minmay_fractal_squares_gapless_5
D:3:      layout_rooms
D:4:      layout_loops_cross, mainiacjoe_overflow_paths, temple_fountains
D:5:      layout_loops_ring, kennysheep_mini_moat, uniq_eustachio
D:6:      layout_cave_pods, tgw_kikubaaqudgha, serial_bayou_crossing,
          uniq_grinder, uniq_menkaure
D:7:      layout_loops_corners, mainiacjoe_overflow_six_doors_small,
          serial_undead, serial_undead_a, serial_undead_c, serial_undead_a,
          serial_undead_e, solitary_fountain, minmay_manual_mandibuliform
D:8:      layout_loops_ring, tso_oasis_becter, nicolae_qazlal_general_emergency,
          mainiacjoe_overflow_24_doors, nicolae_overflow_hidden_temple,
          serial_bayou, serial_bayou_pond_d, serial_bayou_pond_c,
          serial_bayou_lake_a, serial_bayou_pond_a, uniq_maggie, uniq_joseph,
          uniq_prince_ribbit1
D:9:      layout_gridville, due_lair_maze_entry_diamond, enter_bailey_3,
          uniq_erica, uniq_pikel, uniq_grum
D:10:     minmay_separated_statues, layout_loops_ring,
          gammafunk_temple_overflow_statue
D:11:     layout_loops_ring, erik_orc_3, gauntlet_entry_generic,
          gammafunk_ghost_spectres
D:12:     layout_layer_cave, gammafunk_ghost_icy
D:13:     layout_roguey, david_vaults_4
D:14:     layout_irregular_city, nicolae_benzene_ring, minivault_4
D:15:     hangedman_depths_entry_civil_slaughter, layout_rooms, serial_glass,
          glass_columns_b, glass_columns_c, glass_columns_a, glass_columns_a,
          glass_columns_a, glass_columns_a, glass_columns_a, glass_columns_c,
          feat_on_display, nicolae_uskayaw_dance_hall, nicolae_shop_self_help
Temple:   hellmonk_temple_two_chambers
Lair:1:   statuecave_lemuel, layout_regular_city, ebering_ghost_xom,
          nicolae_volcano_entry_lava_flow, serial_bayou_shore_a,
          grunt_megastairs_4, lemuel_fruit_fields
Lair:2:   layout_gridlike, spider_nest_entry_rubble, gammafunk_ghost_necromancy,
          beast_lair_carwin_3
Lair:3:   layout_long_grid, skrybe_swamp_entry_bodies,
          grunt_forest_large_clearing_hut, infiniplex_staircase_pool_2
Lair:4:   layout_regular_city, slime_entry_1, basic_altar, wad_woods_02
Lair:5:   hellmonk_lair_end_abyssal_woods, layout_small_grid, uniq_sonja
Swamp:1:  layout_basic_swamp, portal_ice_cave_entry_ice_statue_two,
          evilmike_swamp_ruin_wall, swamp_pool1
Swamp:2:  layout_falls_marsh, evilmike_swamp_ruin_house_1, swamp_pool2,
          cheibrodos_swamp_minitomb
Swamp:3:  layout_falls_marsh, ebering_ghost_xom, evilmike_swamp_ruin_house_5,
          uniq_mlioglotl
Swamp:4:  swamp, layout_basic_swamp, swamp_pool1, uniq_bai_suzhen
Spider:1: layout_spider_delve, hellmonk_test_site, uniq_asterion
Spider:2: layout_spider_delve, uniq_arachne
Spider:3: layout_cave_pods, nicolae_spider_claw_tunnel
Spider:4: hellmonk_spider_rune_bug_friends, nicolae_spider_acid_house
Orc:1:    layout_caves, uniq_nergalle, uniq_erolcha, uniq_jorgrun, uniq_urug
Orc:2:    st_orc_rangers, layout_caves, abandoned_shop
Vaults:1: vaults_room_grunt_arrival_ludios, v_misc_30, v_misc_10,
          vaults_standard_mumra_lines, ontoclasm_vaults_idyll, v_pattern_1,
          hangedman_vaults_stream, nicolae_vaults_an_arrangement,
          vaults_dpeg_encased_lava, vaults_dpeg_emergency_exit,
          layout_vaults_chaotic_city, serial_shops, shop
Vaults:2: v_misc_16, ontoclasm_vaults_fault, v_misc_26,
          nicolae_vaults_diagonal_hallway_7,
          nicolae_vaults_windows_and_doors_thing, nicolae_vaults_network_star,
          ontoclasm_vaults_ring_square, v_alt_pattern_2,
          nicolae_vaults_specimen_jars, v_pattern_2, grunt_vaults_focal,
          v_misc_23, layout_vaults_omnicross, serial_shops, shop
Vaults:3: v_alt_pattern_4, v_rooms_6, minmay_crypt_entry_necro_gods,
          vaults_mumra_minichess_inversion, v_alt_pattern_3,
          nicolae_vaults_arrows, nicolae_vaults_triangles,
          nicolae_vaults_branching_niches, v_misc_10, v_misc_3,
          ontoclasm_vaults_ligature, ontoclasm_vaults_decontamination,
          nicolae_vaults_angled_halls, layout_vaults_omnibox, serial_shops,
          nicolae_diamond_shop, uniq_nikola
Vaults:4: v_pattern_3, vaults_room_semicircle, hangedman_vaults_trim,
          hangedman_vaults_stagger, v_misc_4, hangedman_vaults_maws, v_rooms_3,
          layout_vaults_omnigrid, uniq_mennas, uniq_aizul

Skill      XL: |  1  2  3  4  5  6  7  8  9 10 11 12 13 14 15 16 17 18 19 20 |
---------------+-------------------------------------------------------------+-----
Invocations    | 1 2 3 4 5 6 7 8 9 10 11 12 13 14 15 | 15.8
Short Blades   | 1 2 3 5 6 7 8 9 10 11 12 13 14 | 14.5
Long Blades    | 1 2 3 5 6 7 8 9 10 11 12 13 14 | 14.5
Axes           | 1 2 3 5 6 7 8 9 10 11 12 13 14 | 14.5
Maces & Flails | 1 2 3 5 6 7 8 9 10 11 12 13 14 | 14.5
Staves         | 1 2 3 5 6 7 8 9 10 11 12 13 14 | 14.5
Ranged Weapons | 1 2 3 5 6 7 8 9 10 11 12 13 14 | 14.5
Throwing       | 1 2 3 5 6 7 8 9 10 11 12 13 14 | 14.5
Dodging        | 1 2 3 5 6 7 8 9 10 11 12 13 14 | 14.5
Stealth        | 1 2 3 5 6 7 8 9 10 11 12 13 14 16 | 16.1
Unarmed Combat | 1 2 3 5 6 7 8 9 10 11 12 13 14 | 14.5
Spellcasting   | 1 2 3 5 6 7 8 9 10 11 12 13 14 | 14.5
Evocations     | 1 2 3 5 6 7 8 9 10 11 12 13 14 | 14.5
Conjurations   | 1 2 3 4 5 6 7 8 9 10 11 12 | 12.3
Hexes          | 1 2 3 4 5 6 7 8 9 10 11 12 | 12.3
Summonings     | 1 2 3 4 5 6 7 8 9 10 11 12 | 12.3
Necromancy     | 1 2 3 4 5 6 7 8 9 10 11 12 | 12.3
Translocations | 1 2 3 4 5 6 7 8 9 10 11 12 | 12.3
Transmutations | 1 2 3 4 5 6 7 8 9 10 11 12 | 12.3
Fire Magic     | 1 2 3 4 5 6 7 8 9 10 11 12 | 12.3
Ice Magic      | 1 2 3 4 5 6 7 8 9 10 11 12 | 12.3
Air Magic      | 1 2 3 4 5 6 7 8 9 10 11 12 | 12.3
Earth Magic    | 1 2 3 4 5 6 7 8 9 10 11 12 | 12.3
Poison Magic   | 1 2 3 4 5 6 7 8 9 10 11 12 | 12.3
Polearms       | 5 6 7 8 9 10 11 12 13 14 15 | 15.2
Fighting       | 7 8 9 11 12 13 14 15 16 17 18 19 20 | 20.4
Armour         | 7 8 9 10 11 12 14 15 16 17 18 19 20 | 20.0
Shields        | 7 8 9 10 11 12 13 14 15 | 15.8

Action                   |  1- 3 |  4- 6 |  7- 9 | 10-12 | 13-15 | 16-18 | 19-21 || total
-------------------------+-------+-------+-------+-------+-------+-------+-------++-------
Melee: Trident           |   125 |   154 |    53 |       |  1302 |  2158 |   737 ||  4529
       Bite              |     8 |    10 |    32 |   110 |   288 |   312 |   241 ||  1001
       Halberd           |       |       |   204 |   868 |   147 |       |       ||  1219
       Quarterstaff      |       |       |       |       |   437 |       |       ||   437
       Flail             |       |       |       |       |       |       |   114 ||   114
       Rapier            |       |       |       |       |       |       |   410 ||   410
 Cast: Slow              |       |       |       |       |     8 |       |       ||     8
       Vhi's Electric Ch |       |       |       |       |     9 |     3 |     1 ||    13
       Dazzling Flash    |       |       |       |       |       |       |     1 ||     1
Invok: Heroism           |       |       |     1 |     2 |    11 |     6 |     5 ||    25
       Finesse           |       |       |       |     1 |     8 |    12 |     8 ||    29
       Duel              |       |       |       |       |     1 |     2 |       ||     3
Evoke: Wand              |       |     4 |       |    10 |     3 |     2 |       ||    19
  Use: Scroll            |     2 |     5 |     3 |     5 |    10 |    10 |     1 ||    36
       Potion            |       |       |       |     9 |     2 |     7 |    13 ||    31
 Stab: Distracted        |       |       |       |     2 |     2 |     4 |     3 ||    11
       Sleeping          |       |       |       |     2 |     8 |    28 |     6 ||    44
       Invisible         |       |       |       |       |       |       |     1 ||     1
Armor: Scale mail        |    26 |       |       |       |   118 |   343 |       ||   487
       Ring mail         |    33 |    29 |       |   143 |    56 |       |       ||   261
       Plate armour      |       |    51 |   185 |   481 |   891 |       |       ||  1608
       Storm dragon scal |       |       |       |       |       |   778 |   528 ||  1306
Dodge: Dodged            |    48 |    50 |    81 |   504 |   927 |  1022 |   509 ||  3141
Block: Buckler           |    49 |    34 |    15 |       |   421 |   631 |   333 ||  1483

Table legend: (Time is in decaauts)
 A = Elapsed time spent in this place.
 B = Non-inter-level travel time spent in this place.
 C = Inter-level travel time spent in this place.
 D = Time resting spent in this place.
 E = Time spent auto-exploring this place.
 F = Levels seen in this place.
 G = Mean time per level.
                   A        B        C        D        E       F      G
               +--------+--------+--------+--------+--------+-----+--------+
         Total |  36613 |  33906 |   2707 |   4680 |  20476 |  43 |  851.5 |
       Dungeon |  14474 |  13429 |   1045 |   1397 |   9114 |  15 |  964.9 |
        Temple |     26 |     18 |      8 |      0 |     10 |   1 |   26.0 |
          Lair |   6625 |   5844 |    781 |    867 |   3481 |   5 | 1325.0 |
         Swamp |   3193 |   2889 |    304 |    394 |   1730 |   4 |  798.2 |
   Spider Nest |   4417 |   3990 |    427 |    698 |   2148 |   4 | 1104.2 |
  Orcish Mines |    927 |    902 |     25 |      0 |    621 |   2 |  463.5 |
        Vaults |   4888 |   4774 |    114 |    681 |   2936 |   4 | 1222.0 |
         Abyss |    199 |    199 |      0 |      0 |      0 |   1 |  199.0 |
        Bailey |    369 |    369 |      0 |    146 |     91 |   1 |  369.0 |
      Ice Cave |    606 |    606 |      0 |    216 |    191 |   1 |  606.0 |
       Volcano |    329 |    329 |      0 |    200 |      9 |   1 |  329.0 |
      Gauntlet |    477 |    477 |      0 |     17 |    145 |   1 |  477.0 |
         Arena |     78 |     78 |      0 |     61 |      0 |   3 |   26.0 |
               +--------+--------+--------+--------+--------+-----+--------+

Top non-repeatable levels by time:
Spider:3: 1978 daAuts
  Lair:5: 1939 daAuts
Vaults:3: 1599 daAuts
  Lair:1: 1572 daAuts
Vaults:1: 1522 daAuts
Vaults:2: 1503 daAuts
    D:12: 1426 daAuts
    D:14: 1364 daAuts
     D:9: 1327 daAuts
     D:7: 1210 daAuts
    D:11: 1208 daAuts
     D:6: 1176 daAuts
  Lair:4: 1140 daAuts
  Lair:2: 1115 daAuts
    D:10: 1063 daAuts
